 Dungeon Crawl Stone Soup version 0.31-a0-1178-gc5c9b8f871 (webtiles) character file.

Game seed: 17907728409533480058

1072 tmry the Poker (level 8, -1/68 HPs)
             Began as a Pale Draconian Fighter on Nov 30, 2023.
             Slain by a gnoll sergeant
             ... wielding a +0 trident of protection
              (16 damage)
             ... on level 5 of the Dungeon on Dec 11, 2023.
             The game lasted 00:28:45 (2496 turns).

tmry the Poker (Pale Draconian Fighter)             Turns: 2496, Time: 00:28:46

Health: -1/68      AC:  6    Str: 25    XL:     8   Next: 7%
Magic:  8/8        EV: 13    Int:  8    God:
Gold:   121        SH:  5    Dex: 13    Spells: 7/7 levels left

rFire   . . .        a - +1 trident
rCold   . . .        b - +0 buckler
rNeg    . . .        (body armour unavailable)
rPois   .            (helmet restricted)
rElec   .            (no cloak)
rCorr   .            (no gloves)
SInv    .            (no boots)
Will    .....        (no amulet)
Stlth   ++           f - +6 ring of strength
HPRegen 0.31/turn    (no ring)
MPRegen 0.11/turn

%: no passive effects
@: no status effects
A: breathe steam, AC +6, unfitting armour, cold-blooded, steam resistance
a: Breathe Steam


You were on level 5 of the Dungeon.
You visited 1 branch of the dungeon, and saw 5 of its levels.

You collected 121 gold pieces.

Inventory:

Hand Weapons
 a - a +1 trident (weapon)
Armour
 b - a +0 buckler (worn)
Jewellery
 f - a +6 ring of strength (left hand)
Wands
 c - a wand of charming (10)
 i - a wand of flame (16)


   Skills:
 + Level 5.2 Fighting
 + Level 6.2 Polearms
 + Level 5.1 Dodging
 + Level 2.0 Stealth
 + Level 4.3 Shields
 + Level 0.1 Evocations


You had 7 spell levels left.
You didn't know any spells.
Your spell library was empty.

Dungeon Overview and Level Annotations

Branches:
Dungeon (5/15)
 Temple: D:4-7

Altars:
Makhleb
Nemelex Xobeh
Yredelemnul
The Shining One

Annotations:
D:5 1 transporter


Innate Abilities, Weirdness & Mutations

You can breathe blasts of scalding, opaque steam.
Your pale cyan-grey scales are hard. (AC +6)
You cannot fit into any form of body armour.
You are cold-blooded and may be slowed by cold attacks.
You are immune to the effects of steam.


Message History

Hgbash's ghost casts a spell at you. The magic dart hits you.
You puncture hgbash's ghost! You tail-slap hgbash's ghost.
Hgbash's ghost is almost destroyed.
Hgbash's ghost closely misses you.
You closely miss hgbash's ghost.
Hgbash's ghost is almost destroyed.
The gnoll sergeant barely misses you. Hgbash's ghost closely misses you.
You barely miss hgbash's ghost.
Hgbash's ghost is almost destroyed.
The gnoll sergeant barely misses you. Hgbash's ghost barely misses you.
You barely miss hgbash's ghost.
Hgbash's ghost is almost destroyed.
The gnoll sergeant closely misses you. Hgbash's ghost hits you.
You hit hgbash's ghost.
Hgbash's ghost is almost destroyed.
You block the gnoll sergeant's attack. Hgbash's ghost hits you.
* * * LOW HITPOINT WARNING * * *
You barely miss hgbash's ghost.
Hgbash's ghost is almost destroyed.
The gnoll sergeant hits you from afar with a +0 trident of protection.
* * * LOW HITPOINT WARNING * * *
Hgbash's ghost barely misses you.
You hit hgbash's ghost.
You destroy hgbash's ghost!
You block the gnoll sergeant's attack.
Your Polearms skill increases to level 6!
Your Dodging skill increases to level 5!
Your Stealth skill increases to level 2!
You have reached level 8!
You feel agile.
Level annotation: 1 transporter Welcome back, tmry the Pale Draconian Fighter.
Press ? for a list of commands and other information.
Aiming: Charm
Press: ? - help, Shift-Dir - straight line, f - gnoll sergeant
Aim: a gnoll sergeant, wielding a +0 trident of protection and wearing a +0 ring mail (chance to affect: 49%)
Okay, then.
The gnoll sergeant hits you from afar with a +0 trident of protection!
You die...

..##...........................#.
..##.≈≈≈≈≈≈≈≈≈≈≈...≈≈≈≈≈≈≈≈≈≈≈.#.
..##.≈≈≈≈≈≈≈≈≈≈≈...≈≈≈≈≈≈≈≈≈≈≈.##
.....≈≈#####...........#####≈≈...
.....≈≈#g8g#.###.©.###.#g8.#≈≈...
.....≈≈#...###©#####.###...#≈≈...
.....≈≈###...............###≈≈..#
.....≈≈.8#.##'###)######g#8.≈≈..#
.....≈≈.##.#...#@.8#,,.#.##.≈≈..#
.....~~.#..'.....©⌠#,,$'.g#.~~.##
####.≈≈)##.#...#.g8#,.$#.##.≈≈.#
#.≈≈.8#.##'###'######.#8.≈≈.#
####.≈≈###...............###≈≈.#
..##.≈≈#...###g#####.###...#≈≈.#
#.##.≈≈#.8.#.###.©.###.#g8.#≈≈.#
#.##.≈≈#####...........#####≈≈.#
#.##.≈≈≈≈≈≈≈≈≈≈≈≈~≈≈≈≈≈≈≈≈≈≈≈≈.#


You could see a gnoll sergeant.

Vanquished Creatures
  The ghost of hgbash the Sneak, a novice OpCj of Hepliaklqana (D:5)
  An ogre (D:5)
  A phantom (D:5)
  2 necrophages (D:5)
  A scorpion (D:5)
  A water moccasin zombie (D:5)
  2 wights (D:5)
  A centaur zombie (D:5)
  A hound (D:5)
  A jelly (D:5)
  A human zombie (D:5)
  An orc priest (D:5)
  An iguana (D:5)
  A scorpion zombie (D:5)
  A killer bee zombie (D:5)
  A hound zombie (D:5)
  A mummy (D:5)
  A howler monkey zombie (D:5)
  3 gnolls (D:5)
  An adder (D:5)
  A dart slug (D:5)
  3 orcs (D:5)
  4 endoplasms (D:1)
  A giant cockroach (D:1)
  3 hobgoblins (D:1)
  A bat (D:1)
  3 goblins
  5 kobolds
  3 rats (D:1)
48 creatures vanquished.

Notes
Turn   | Place    | Note
-------+----------+-------------------------------------------
     0 | D:1      | tmry the Draconian Fighter began the quest for the Orb.
     0 | D:1      | Reached XP level 1. HP: 19/19 MP: 1/1
   393 | D:1      | Reached XP level 2. HP: 24/26 MP: 2/2
   793 | D:1      | You fall into a shaft and drop 1 floor!
  1293 | D:5      | Entered Level 5 of the Dungeon
  1325 | D:5      | Identified the +9 spear "Kigut" {chaos, rC+ Dex+6}
  1325 | D:5      | Identified the +2 scale mail "Meso" {Contam +Blink rN+}
  1325 | D:5      | Noticed a gnoll sergeant
  1358 | D:5      | Noticed a gnoll sergeant
  1451 | D:5      | Found a glowing golden altar of the Shining One.
  1486 | D:5      | Reached XP level 3. HP: 27/33 MP: 3/3
  1489 | D:5      | Upgraded the game from 0.31-a0-1074-g0b22e4e0f1 to
                  | 0.31-a0-1178-gc5c9b8f871
  1522 | D:5      | Noticed an ogre
  1536 | D:5      | Killed an ogre
  1537 | D:5      | Reached XP level 4. HP: 40/40 MP: 4/4
  1585 | D:5      | Noticed a phantom
  1600 | D:5      | Killed a phantom
  1601 | D:5      | Reached skill level 3 in Polearms
  1601 | D:5      | Reached XP level 5. HP: 27/46 MP: 5/5
  1685 | D:5      | Found a transporter.
  1703 | D:5      | Found a transporter.
  1715 | D:5      | Found a basalt altar of Yredelemnul.
  1747 | D:5      | Reached skill level 1 in Stealth
  1747 | D:5      | Reached XP level 6. HP: 52/52 MP: 6/6
  1771 | D:5      | Reached skill level 4 in Polearms
  1814 | D:5      | Your scales start taking on a pale cyan-grey colour.
  1814 | D:5      | Reached XP level 7. HP: 56/60 MP: 7/7
  1814 | D:5      | Gained mutation: You are immune to the effects of steam.
                  | [Pale Draconian growth]
  1993 | D:5      | Reached skill level 5 in Polearms
  2011 | D:5      | Found a sparkling altar of Nemelex Xobeh.
  2012 | D:5      | Found a burning altar of Makhleb.
  2082 | D:5      | Reached skill level 5 in Fighting
  2431 | D:5      | Noticed hgbash's ghost (novice OpCj)
  2495 | D:5      | Killed hgbash's ghost
  2496 | D:5      | Reached skill level 6 in Polearms
  2496 | D:5      | Reached skill level 5 in Dodging
  2496 | D:5      | Reached XP level 8. HP: 15/68 MP: 8/8
  2496 | D:5      | Slain by a gnoll sergeant

Illustrated notes

Levels and vault maps discovered:
D:1:      minmay_arrival_four_loops, layout_basic
D:2:      layout_loops_ring, chequers_ecumenical_altar_simple_redux,
          uniq_sigmund
D:3:      layout_loops_ring
D:4:      layout_basic, mainiacjoe_overflow_alcove_1
D:5:      layout_basic, mainiacjoe_overflow_brackets,
          lemuel_mausoleum_altar_yredelemnul, nicolae_overflow_squiral,
          gammafunk_ghost_gnarly_gnolls

Skill      XL: |  1  2  3  4  5  6  7 |
---------------+----------------------+-----
Dodging        | 3 4 5 |  5.1
Fighting       | 4 5 |  5.2
Polearms       | 3 4 6 |  6.2
Shields        | 4 |  4.3
Stealth        | 1 2 |  2.0
Evocations     | |  0.1

Action                     |  1- 3 |  4- 6 |  7- 9 || total
---------------------------+-------+-------+-------++-------
  Melee: Trident           |    67 |    72 |    83 ||   222
         Tailslap          |     6 |    10 |    14 ||    30
  Evoke: Wand              |       |       |     2 ||     2
    Use: Scroll            |     3 |       |       ||     3
         Potion            |     5 |       |       ||     5
   Stab: Sleeping          |       |     1 |     2 ||     3
 Armour: Skin              |    74 |    35 |    44 ||   153
  Dodge: Dodged            |   113 |    37 |    59 ||   209
  Block: Buckler           |    31 |    13 |    22 ||    66

Table legend: (Time is in decaauts)
 A = Elapsed time spent in this place.
 B = Non-inter-level travel time spent in this place.
 C = Inter-level travel time spent in this place.
 D = Time resting spent in this place.
 E = Time spent auto-exploring this place.
 F = Levels seen in this place.
 G = Mean time per level.
                   A        B        C        D        E       F      G
               +--------+--------+--------+--------+--------+-----+--------+
         Total |   2539 |   1710 |    829 |      0 |     29 |   5 |  507.8 |
       Dungeon |   2539 |   1710 |    829 |      0 |     29 |   5 |  507.8 |
               +--------+--------+--------+--------+--------+-----+--------+

Top non-repeatable levels by time:
     D:5: 1226 daAuts
     D:1: 935 daAuts
     D:2: 202 daAuts
     D:3: 138 daAuts
     D:4: 36 daAuts
